 Dungeon Crawl Stone Soup version 0.22.1-1-ga44c0e5 (webtiles) character file.

311 Velaskes the Magician (level 6, -8/32 HPs)
             Began as a Deep Elf Wizard on Nov 2, 2018.
             Mangled by Prince Ribbit (15 damage)
             ... on level 5 of the Dungeon on Nov 3, 2018.
             The game lasted 00:31:14 (3660 turns).

Velaskes the Magician (Deep Elf Wizard)             Turns: 3660, Time: 00:31:16

Health: -8/32      AC:  5    Str:  4    XL:     6   Next: 18%
Magic:  7/18       EV: 13    Int: 25    God:
Gold:   144        SH:  0    Dex: 13    Spells: 9/20 levels left

rFire    . . .     SeeInvis .   e - +0 whip
rCold    . . .     Gourm    .   (no shield)
rNeg     . . .     Faith    .   a - +2 robe
rPois    .         Spirit   .   b - +1 hat
rElec    .         Reflect  .   c - scarf {repulsion}
rCorr    .         Harm     +   (no gloves)
MR       .....                  (no boots)
Stlth    ++........             m - amulet of harm
HPRegen  0.10/turn              n - +1 ring of slaying
MPRegen  0.16/turn              (no ring)

@: very slightly contaminated, repel missiles
A: no striking features
a: no special abilities


You were on level 5 of the Dungeon.
You were not hungry.

You visited 1 branch of the dungeon, and saw 5 of its levels.

You collected 144 gold pieces.

Inventory:

Hand Weapons
 e - a +0 whip (weapon)
Armour
 a - a +2 robe (worn)
 b - a +1 hat (worn)
 c - a scarf of repulsion (worn)
 i - a +0 helmet
Jewellery
 m - an amulet of harm (around neck)
 n - a +1 ring of slaying (left hand)
Wands
 h - a wand of disintegration (16)
Scrolls
 g - 4 scrolls of identify
 j - 5 scrolls of teleportation
 l - 2 scrolls of enchant weapon {unknown}
 o - a scroll of fog {unknown}
 q - a scroll of blinking {unknown}
Potions
 d - a potion of degeneration {unknown}
 f - a potion of curing
 k - 3 potions of heal wounds {unknown}
 p - a potion of magic {unknown}


   Skills:
 + Level 0.1 Fighting
 + Level 0.1 Maces & Flails
 + Level 3.4 Dodging
 + Level 3.1 Stealth
 + Level 7.5 Spellcasting
 + Level 2.4 Conjurations
 + Level 2.7 Summonings
 + Level 1.1 Translocations


You had 9 spell levels left.
You knew the following spells:

 Your Spells              Type           Power        Failure   Level  Hunger
a - Magic Dart            Conj           ###.         2%          1    None
b - Call Imp              Summ           ###.....     3%          2    None
c - Conjure Flame         Conj/Fire      ###.....     12%         3    None
d - Mephitic Cloud        Conj/Pois/Air  ##......     14%         3    None
e - Blink                 Tloc           N/A          6%          2    None

Your spell library contained the following spells:

 Spells                   Type           Power        Failure   Level  Hunger
 Slow                     Hex            #.......     10%         2    None


Dungeon Overview and Level Annotations

Branches:
Dungeon (5/15)
 Temple: D:4-7

Altars:

Annotations:
D:5 Prince Ribbit


Message History

Prince Ribbit barely misses you.
Casting: Call Imp (safe; 3% risk of failure)
Confirm with . or Enter, or press ? or * to list all spells.
A beastly little devil appears in a puff of flame.
Prince Ribbit closely misses you. Prince Ribbit hits you!
Ouch! That really hurt!
* * * LOW HITPOINT WARNING * * *
You feel better.
Your crimson imp disappears in a puff of smoke!
Prince Ribbit hits you but does no damage.
The ogre hits your crimson imp with a giant spiked club!!
Your crimson imp dies!
Casting: Call Imp (safe; 3% risk of failure)
Confirm with . or Enter, or press ? or * to list all spells.
You miscast Blink.
Nothing appears to happen.
The ogre shouts!
Prince Ribbit hits you.
* * * LOW HITPOINT WARNING * * *
Prince Ribbit hits you!
You die...

...##.##...................
........./.................
......##..............#...#
......##.........##...#Z..#
......................5....
......##.....###.##.§O.....
## ##........# #.##...#.#.#
..........###§#........#
......5@F....O..........
##...#..#.###.##...#....
... #..#.# #......§.... .
#..#.# #.>........#
..##.###.##...)...#
...........).......#
....[...##.##...#...#
#........ #.# .... ....
#.##...#...#


You could see Prince Ribbit, an ogre and a friendly crimson imp.

Vanquished Creatures
  5 adders
  A gnoll (D:4)
  An ooze (D:1)
  A worm (D:4)
  4 leopard geckos
  3 orcs
  2 giant cockroaches (D:1)
  A goblin (D:3)
  6 hobgoblins
  A quokka (D:2)
  4 ball pythons
  7 bats
  6 frilled lizards
  4 kobolds
  2 rats
48 creatures vanquished.

Vanquished Creatures (collateral kills)
  2 scorpions (D:4)
  An orc priest (D:5)
  A centaur skeleton (D:4)
  An iguana (D:4)
  6 gnolls
  2 oozes
  A leopard gecko (D:3)
  7 orcs
  A bat (D:3)
  A kobold (D:3)
  A frilled lizard (D:4)
  A giant cockroach zombie (D:5)
25 creatures vanquished.

Grand Total: 73 creatures vanquished

Notes
Turn   | Place    | Note
-------+----------+-------------------------------------------
     0 | D:1      | Velaskes the Deep Elf Wizard began the quest for the Orb.
     0 | D:1      | Reached XP level 1. HP: 10/10 MP: 7/7
   131 | D:1      | Reached XP level 2. HP: 11/15 MP: 0/9
   198 | D:1      | Learned a level 2 spell: Call Imp
   242 | D:1      | Reached skill level 5 in Spellcasting
  1190 | D:2      | Reached XP level 3. HP: 12/19 MP: 0/11
  1532 | D:3      | Reached XP level 4. HP: 8/24 MP: 1/13
  2137 | D:3      | Reached skill level 6 in Spellcasting
  2149 | D:3      | Learned a level 3 spell: Conjure Flame
  2153 | D:3      | Learned a level 3 spell: Mephitic Cloud
  2156 | D:3      | Learned a level 2 spell: Blink
  2445 | D:4      | Reached XP level 5. HP: 12/28 MP: 2/15
  2718 | D:4      | HP: 1/28 [gnoll/whip (7)]
  3297 | D:4      | Reached skill level 7 in Spellcasting
  3343 | D:4      | Reached XP level 6. HP: 23/32 MP: 12/18
  3456 | D:5      | Entered Level 5 of the Dungeon
  3639 | D:5      | Noticed Prince Ribbit
  3660 | D:5      | Mangled by Prince Ribbit

Skill      XL: |  1  2  3  4  5 |
---------------+----------------+-----
Spellcasting   | 5 6 7 |  7.5
Dodging        | 3 |  3.4
Conjurations   | 2 |  2.4
Stealth        | 3 |  3.1
Summonings     | 2 |  2.7
Fighting       | |  0.1
Maces & Flails | |  0.1
Translocations | |  1.1

Action                   |  1- 3 |  4- 6 || total
-------------------------+-------+-------++-------
Melee: Whip              |     9 |     2 ||    11
 Cast: Magic Dart        |    67 |    80 ||   147
       Call Imp          |    11 |    20 ||    31
       Blink             |       |     3 ||     3
       Conjure Flame     |       |     2 ||     2
       Mephitic Cloud    |       |     2 ||     2
  Use: Potion            |     4 |     1 ||     5
       Scroll            |     3 |     2 ||     5
  Eat: Chunk             |     1 |     1 ||     2
       Ration            |       |     2 ||     2
Armor: Robe              |     7 |    12 ||    19
Dodge: Dodged            |    13 |    25 ||    38
       Deflected         |     1 |       ||     1
